 Dungeon Crawl Stone Soup version 0.27-a0-1119-gbf574a6a6b (webtiles) character file.

Game seed: 2422361611766094426

445 jasper the Insei (level 6, -8/52 HPs)
             Began as a Demigod Transmuter on May 2, 2021.
             Mangled by a hornet zombie (12 damage)
             ... on level 6 of the Dungeon.
             The game lasted 00:07:01 (5855 turns).

jasper the Insei (Demigod Transmuter)               Turns: 5855, Time: 00:07:02

Health: -8/52      AC:  3    Str: 11    XL:     6   Next: 44%
Magic:  11/11      EV: 12    Int: 23    God:
Gold:   160        SH:  0    Dex: 14    Spells: 2/8 levels left

rFire    . . .     SeeInvis .     - Unarmed
rCold    . . .     Faith    .   (no shield)
rNeg     . . .     Spirit   .   a - +0 robe
rPois    .         Reflect  .   (helmet currently unavailable)
rElec    .         Harm     .   (no cloak)
rCorr    .         Rampage  .   f - +0 pair of gloves
Will     .....                  (boots currently unavailable)
Stlth    +.........             (no amulet)
HPRegen  0.17/turn              (no ring)
MPRegen  0.12/turn              (no ring)

@: appendages
A: horns 2, talons 2, high mp 1, forlorn
a: End Transformation


You were on level 6 of the Dungeon.
You had temporarily grown beastly horns and talons.
You visited 1 branch of the dungeon, and saw 6 of its levels.

You collected 160 gold pieces.

Inventory:

Missiles
 h - 8 boomerangs
 i - 175 stones
 j - 9 poisoned darts
Armour
 a - a +0 robe (worn)
 c - a +0 ring mail
 e - a +1 helmet (melded)
 f - a +0 pair of gloves (worn)
 k - a +0 leather armour
Wands
 g - a wand of iceblast (8)
Scrolls
 q - a scroll of immolation {unknown}
Potions
 b - 2 potions of brilliance
 l - 2 potions of cancellation {unknown}
 m - a potion of ambrosia {unknown}
 n - 2 potions of lignification {unknown}
 o - a potion of magic {unknown}
 p - a potion of heal wounds {unknown}
 r - a potion of haste {unknown}


   Skills:
 + Level 3.6 Fighting
 - Level 1.7 Dodging
 + Level 4.5 Unarmed Combat
 - Level 1.7 Spellcasting
 + Level 4.0 Transmutations


You had 2 spell levels left.
You knew the following spells:

 Your Spells              Type           Power      Damage    Failure   Level
a - Beastly Appendage     Tmut           40%        N/A       2%          1
b - Wereblood             Tmut           20%        N/A       3%          2
c - Spider Form           Tmut/Pois      5%         N/A       17%         3

Your spell library contained the following spells:

 Spells                   Type           Power      Damage    Failure   Level
 Ice Form                 Ice/Tmut       11%        N/A       50%         4
 Hydra Form               Tmut           10%        N/A       56%         5


Dungeon Overview and Level Annotations

Branches:
Dungeon (6/15)             Temple (0/1) D:4

Annotations:
D:2 Sigmund
D:4 Eustachio


Innate Abilities, Weirdness & Mutations

You have temporarily grown beastly horns and talons.
Your attributes grow dramatically as you level up.
You have an increased reservoir of magic. (+10% MP)
You shall have no god before yourself.


Message History

You take 8 damage, and have 10/52 hp.
You feel better.
The hornet zombie completely misses you.
You regained 10 hp, and now have 20/52 hp.
You hit the hornet zombie. Your kick misses the hornet zombie.
You headbutt the hornet zombie.
The hornet zombie is severely damaged.
The hornet zombie closely misses you. The hornet zombie hits you.
* * * LOW HITPOINT WARNING * * *
You take 6 damage, and have 14/52 hp.
You hit the hornet zombie but do no damage.
The hornet zombie is severely damaged.
The hornet zombie hits you!
* * * LOW HITPOINT WARNING * * *
You take 10 damage, and have 4/52 hp.
You feel better. The hornet zombie barely misses you.
You regained 11 hp, and now have 15/52 hp.
You closely miss the hornet zombie.
The hornet zombie is severely damaged.
The hornet zombie hits you!
* * * LOW HITPOINT WARNING * * *
You take 8 damage, and have 7/52 hp.
You feel better. The hornet zombie barely misses you.
The hornet zombie closely misses you.
You regained 8 hp, and now have 15/52 hp.
You barely miss the hornet zombie.
The hornet zombie is severely damaged.
The hornet zombie barely misses you.
You closely miss the hornet zombie.
The hornet zombie is severely damaged.
The hornet zombie misses you.
You punch the hornet zombie! Your kick misses the hornet zombie.
The hornet zombie is severely damaged.
The hornet zombie misses you.
You completely miss the hornet zombie. Your kick misses the hornet zombie.
The hornet zombie is severely damaged.
The hornet zombie hits you!
* * * LOW HITPOINT WARNING * * *
The hornet zombie hits you!
You die...

##<##..#.#
#.###.#.###...
#.###.........
#.......##.###
#####.####.#
#....#.#
#.##.#.#
#.##.#.####.#
#....@Z......
###########.#


You could see a hornet zombie.

Vanquished Creatures
  A water moccasin zombie (D:5)
  A bullfrog zombie (D:5)
  3 hounds
  4 iguanas (D:5)
  2 orc wizards (D:4)
  A hound zombie (D:5)
  A hound skeleton (D:4)
  A gnoll (D:2)
  3 adders
  5 orcs
  3 endoplasms
  3 giant cockroaches
  5 goblins
  2 hobgoblins
  6 jackals (D:1)
  5 kobolds
  4 ball pythons
  3 bats
  3 frilled lizards (D:1)
  5 rats
61 creatures vanquished.

Notes
Turn   | Place    | Note
-------+----------+-------------------------------------------
     0 | D:1      | jasper the Demigod Transmuter began the quest for the Orb.
     0 | D:1      | Reached XP level 1. HP: 15/15 MP: 5/5
    62 | D:1      | Reached skill level 1 in Fighting
   532 | D:1      | Reached XP level 2. HP: 13/23 MP: 5/7
  1509 | D:2      | Learned a level 2 spell: Wereblood
  1699 | D:2      | Reached XP level 3. HP: 21/29 MP: 6/8
  2024 | D:2      | Noticed Sigmund
  2479 | D:3      | Paralysed by a gnoll for 2 turns
  2770 | D:2      | Reached XP level 4. HP: 10/36 MP: 9/9
  2986 | D:2      | Learned a level 3 spell: Spider Form
  3043 | D:4      | Noticed Eustachio
  3094 | D:5      | Entered Level 5 of the Dungeon
  3641 | D:5      | Reached XP level 5. HP: 15/44 MP: 10/10
  4228 | D:5      | Reached XP level 6. HP: 22/51 MP: 9/11
  5194 | D:4      | Found a staircase to the Ecumenical Temple.
  5343 | D:4      | Identified the +2 long sword "Qagile" {protect, +Rage rF+++
                  | rC+ Will-}
  5855 | D:6      | Mangled by a hornet zombie

Illustrated notes

Levels and vault maps discovered:
D:1:      co_arrival_random_square_maze, layout_basic,
          hellmonk_ecumenical_altar_heavens_door
D:2:      layout_basic, basic_altar, uniq_sigmund
D:3:      layout_basic, serial_curves, eino_curves_01, eino_curves_03,
          chequers_decorated_corner, cheibrodos_gnoll_hut
D:4:      layout_layer_cave, nicolae_ashenzari_skybound, temple_pool_b,
          uniq_eustachio
D:5:      layout_basic
D:6:      layout_loops_cross, general_overflow_altar, gammafunk_ghost_hive

Skill      XL: |  1  2  3  4  5  6 |
---------------+-------------------+-----
Fighting       | 1 2 3 |  3.6
Transmutations | 2 3 4 |  4.0
Unarmed Combat | 3 4 |  4.5
Dodging        | |  1.7
Spellcasting   | |  1.7

Action                   |  1- 3 |  4- 6 || total
-------------------------+-------+-------++-------
Melee: Unarmed           |   111 |   136 ||   247
       Kick              |    20 |    31 ||    51
       Headbutt          |    13 |    22 ||    35
       Punch             |     2 |     1 ||     3
 Cast: Beastly Appendage |    27 |    21 ||    48
       Spider Form       |       |     1 ||     1
  Use: Scroll            |     1 |     4 ||     5
       Potion            |       |     4 ||     4
 Stab: Sleeping          |     1 |     1 ||     2
Armor: Robe              |    18 |    19 ||    37
       Skin              |       |     1 ||     1
Dodge: Dodged            |    65 |    75 ||   140

Table legend: (Time is in decaauts)
 A = Elapsed time spent in this place.
 B = Non-inter-level travel time spent in this place.
 C = Inter-level travel time spent in this place.
 D = Time resting spent in this place.
 E = Time spent auto-exploring this place.
 F = Levels seen in this place.
 G = Mean time per level.
                   A        B        C        D        E       F      G
               +--------+--------+--------+--------+--------+-----+--------+
         Total |   5844 |   5438 |    406 |   1218 |   3476 |   6 |  974.0 |
       Dungeon |   5844 |   5438 |    406 |   1218 |   3476 |   6 |  974.0 |
               +--------+--------+--------+--------+--------+-----+--------+

Top non-repeatable levels by time:
     D:5: 1792 daAuts
     D:1: 1402 daAuts
     D:2: 1300 daAuts
     D:4: 967 daAuts
     D:3: 338 daAuts
     D:6: 43 daAuts
